 Dungeon Crawl Stone Soup version 0.28.0-47-ge53b351184 (webtiles) character file.

Game seed: 17136690285630608229

49852 Exodus22XD the Unseen (level 14, -5/59 HPs)
             Began as a Spriggan Enchanter on May 7, 2022.
             Was the Champion of Dithmenos.
             Killed from afar by a deep elf zephyrmancer (28 damage)
             ... with a bolt of lightning
             ... on level 2 of the Orcish Mines.
             The game lasted 01:08:16 (19621 turns).

Exodus22XD the Unseen (Spriggan Enchanter)         Turns: 19621, Time: 01:08:17

Health: -5/59      AC: 11    Str:  4    XL:     14   Next: 17%
Magic:  20/24      EV: 25    Int: 17    God:    Dithmenos [******]
Gold:   1767       SH:  0    Dex: 20    Spells: 20/25 levels left

rFire   + . .      SeeInvis +   q - +2 dagger (drain)
rCold   + . .      Faith    .   (no shield)
rNeg    . . .      Spirit   .   r - +3 troll leather armour {Snorg}
rPois   .          Reflect  .   (helmet restricted)
rElec   .          Harm     .   C - scarf {rC+ rF+}
rCorr   .          Rampage  .   (gloves unavailable)
Will    ++...                   (boots unavailable) Stlth ****++++++
                                n - amulet of regeneration
HPRegen 1.79/turn               o - +4 ring of protection
MPRegen 0.19/turn               N - +4 ring of slaying

@: wreathed by umbra, very quick
A: very small, no large weapons, unfitting armour, see invisible, speed 3
a: Renounce Religion, Shadow Step, Shadow Form


You were on level 2 of the Orcish Mines.
You worshipped Dithmenos.
Dithmenos was exalted by your worship.
You visited 3 branches of the dungeon, and saw 18 of its levels.

You collected 1767 gold pieces.

Inventory:

Hand Weapons
 q - a +2 dagger of draining (weapon)
 B - a +2 short sword of speed
 L - a +0 short sword of holy wrath
 M - the +9 short sword "Muny" {protect, rF+ SInv}
   (You found it on level 10 of the Dungeon)

   It grants its wielder temporary protection when it strikes (+7 to AC).
   rF:        It protects you from fire.
   SInv:      It lets you see invisible.
 S - a +0 vampiric dagger
Missiles
 E - 7 throwing nets (quivered)
Armour
 r - a +3 troll leather armour (worn) {Snorg}
 C - a scarf of resistance (worn)
 D - a +0 buckler
Jewellery
 a - a +4 ring of evasion
 n - an amulet of regeneration (around neck)
 o - a +4 ring of protection (left hand)
 y - an amulet of reflection
 N - a +4 ring of slaying (right hand)
Wands
 v - a wand of polymorph (13)
 w - a wand of acid (5)
 A - a wand of flame (29)
 I - a wand of digging (6)
 K - a wand of iceblast (11)
 P - a wand of paralysis (4)
Scrolls
 e - 2 scrolls of fear
 f - 2 scrolls of magic mapping
 g - 2 scrolls of enchant armour {unknown}
 h - a scroll of immolation {unknown}
 i - a scroll of brand weapon
 l - 3 scrolls of amnesia
 t - 3 scrolls of holy word {unknown}
 u - 3 scrolls of vulnerability {unknown}
 F - 4 scrolls of teleportation {unknown}
 G - 3 scrolls of noise {unknown}
 J - 5 scrolls of fog {unknown}
 O - 2 scrolls of enchant weapon
 Q - a scroll of silence {unknown}
 R - a scroll of blinking {unknown}
Potions
 b - 4 potions of brilliance
 c - 4 potions of invisibility
 d - a potion of flight
 j - 2 potions of curing
 k - 3 potions of heal wounds
 m - 3 potions of haste {unknown}
 p - a potion of resistance
 s - a potion of cancellation {unknown}
 x - a potion of might
 z - 2 potions of mutation {unknown}
 H - a potion of lignification {unknown}


   Skills:
 - Level 12.9 Short Blades
 - Level 13.1 Dodging
 + Level 20.1 Stealth
 - Level 6.3 Spellcasting
 - Level 12.8 Hexes
 - Level 10.1 Invocations


You had 20 spell levels left.
You knew the following spells:

 Your Spells              Type           Power      Damage    Failure   Level
a - Ensorcelled Hibernat  Hex/Ice        54%        N/A       2%          2
b - Confusing Touch       Hex            49%        N/A       1%          3

Your spell library contained the following spells:

 Spells                   Type           Power      Damage    Failure   Level
 Tukima's Dance           Hex            49%        N/A       1%          3
 Dazzling Flash           Conj/Hex       54%        N/A       4%          3
 Shock                    Conj/Air       20%        1d4       22%         1
 Blink                    Tloc           10%        N/A       34%         2
 Corpse Rot               Necr/Air       10%        N/A       34%         2
 Passwall                 Tmut/Erth      4%         N/A       34%         2
 Poisonous Vapours        Pois/Air       10%        N/A       34%         2
 Yara's Violent Unravell  Hex/Tmut       13%        3d7       41%         5
 Ignite Poison            Fire/Tmut/Pois 5%         N/A       56%         3
 Lesser Beckoning         Tloc           5%         N/A       56%         3
 Mephitic Cloud           Conj/Pois/Air  5%         N/A       56%         3
 Swiftness                Air            5%         N/A       56%         3
 Enfeeble                 Hex            24%        N/A       67%         7
 Airstrike                Air            2%         N/A       92%         4
 Animate Armour           Summ/Erth      10%        N/A       92%         4
 Blade Hands              Tmut           2%         N/A       99%         5
 Freezing Cloud           Conj/Ice/Air   2%         6-21      99%         5
 Manifold Assault         Tloc           5%         N/A       99%         5
 Iron Shot                Conj/Erth      2%         9d2       100%        6


Dungeon Overview and Level Annotations

Branches:
Dungeon (10/15)            Temple (0/1) D:5            Lair (6/6) D:10
 Shoals (0/4) Lair:3       Spider (0/4) Lair:2        Slime (0/5) Lair:5
    Orc (2/2) D:10            Elf (0/3) Orc:2

Altars:
Ashenzari
Cheibriados
Dithmenos
Elyvilon
Fedhas
Okawaru
Qazlal
Trog
Vehumet
Wu Jian
Xom
Yredelemnul
Zin
Jiyva

Shops:
Orc:1 =   Orc:2 (

Annotations:
D:3 Terence
D:5 2 runed translucent doors, kalagan's ghost, amateur DjCj
Lair:3 exclusion: 4 oklob plants
Lair:5 exclusion: 2 oklob plants
Lair:6 2 runed translucent doors
Orc:2 1 runed translucent door


Innate Abilities, Weirdness & Mutations

You are very small and have problems with some larger weapons.
You are too small for most types of armour.
You have supernaturally acute eyesight. (SInv)
You cover ground extremely quickly. (Speed+++)


Message History

The bolt of lightning misses you.
You hit the orc priest. You drain the orc priest.
The orc priest is moderately wounded.
Your shadow hits the orc priest but does no damage.
The deep elf zephyrmancer hits you with a +0 long sword.
You closely miss the orc priest.
The orc priest is moderately wounded.
Your shadow closely misses the orc priest.
The orc priest hits you with a +0 hand axe.
You hit the orc priest.
The orc priest is heavily wounded.
The deep elf zephyrmancer completely misses you.
You hit the orc priest but do no damage.
You drain the orc priest.
The orc priest is severely wounded.
The orc priest closely misses you.
You puncture the orc priest!
You kill the orc priest!
Dithmenos accepts your kill.
The deep elf pyromancer casts a spell.
The deep elf pyromancer blinks!
The deep elf zephyrmancer barely misses you.
You barely miss the deep elf zephyrmancer.
You hit the deep elf zephyrmancer. You drain the deep elf zephyrmancer.
The deep elf zephyrmancer is lightly wounded.
The deep elf zephyrmancer points at you and mumbles some strange words.
The bolt of lightning hits you!!
Ouch! That really hurt!
You emit a cloud of dark smoke.
Casting: Ensorcelled Hibernation (safe; 2% risk of failure)
Confirm with . or Enter, or press ? or * to list all spells.
Aiming: Ensorcelled Hibernation (safe; 2% risk of failure)
Press: ? - help, Shift-Dir - straight line, f/p - deep elf zephyrmancer
Aim: a deep elf zephyrmancer, wielding a +0 long sword and wearing a +0 leather armour (black smoke, lightly wounded, lightly drained, umbra, chance to affect: 45%)
The deep elf zephyrmancer resists with some effort.
Your shadow mimicks your spell!
The deep elf zephyrmancer easily resists.
The deep elf zephyrmancer casts a spell at you.
The bolt of lightning hits you!!
You die...

................#..## .....
.................##...#....#
........... #.<...#.)##...#
....#.....§##.....).)#....#
........e##......#.......#
.........................#
................§§)......#
...............§§#.).....#
.........#.#...e@##.#....#
............#.#e#####....#
..∩...<....#.....# ######
.................#
...#...)...#..#...#
........#...##...##
.....§..e....#...#
......§§§.......##
......§§§§§..#...#


You could see a deep elf pyromancer and a deep elf zephyrmancer (drained).

Vanquished Creatures
  Rupert (Lair:3)
  Snorg (Lair:3)
  2 hydras (Lair:6)
  Harold (D:8)
  2 boulder beetles
  4 catoblepae
  4 two-headed ogres
  10 death yaks
  Urug (Lair:4)
  Nergalle (Lair:1)
  2 orc knights (Orc:2)
  A lindwurm (Lair:6)
  A deep elf pyromancer (Orc:2)
  A deep elf zephyrmancer (Orc:2)
  2 ugly things
  An oklob plant (Lair:4)
  An orc sorcerer (Orc:2)
  5 elephants
  2 black mambas
  A torpor snail (Lair:4)
  A gargoyle (D:8)
  9 cane toads
  4 rime drakes
  5 komodo dragons
  A tengu conjurer (D:8)
  3 trolls
  2 polar bears
  11 blink frogs
  2 wyverns
  43 yaks
  A wraith (D:10)
  5 basilisks
  3 steam dragons
  A warg (Orc:1)
  11 water moccasins
  Duvessa (D:7)
  17 orc warriors
  2 ice beasts
  3 black bears
  A necrophage (D:5)
  16 wolves
  6 ogres
  8 centaurs
  2 kobold brigands
  17 bullfrogs
  Blork the orc (D:5)
  3 gnoll sergeants
  7 scorpions
  Dowan (D:7)
  4 killer bees (D:8)
  2 electric eels
  5 wights (D:8)
  5 jellies
  2 howler monkeys
  2 lava snakes (Lair:6)
  2 bullfrog zombies
  8 hounds
  A gnoll shaman (D:4)
  11 orc priests
  A bullfrog skeleton (D:5)
  3 iguanas
  Ijyb (D:5)
  7 hell rats (Lair:6)
  31 orc wizards
  A killer bee zombie (D:8)
  An ogre zombie (D:4)
  3 howler monkey zombies
  Robin (D:4)
  13 gnolls
  A howler monkey skeleton (D:7)
  5 adders
  A shadow imp (D:5)
  A white imp (D:6)
  2 ufetubi
  An adder skeleton (D:4)
  A worm (D:5)
  3 dart slugs
  70 orcs
  9 endoplasms
  4 giant cockroaches
  9 hobgoblins
  4 jackals
  15 kobolds
  2 quokkas (D:1)
  7 ball pythons
  3 bats (D:1)
  4 frilled lizards
  4 goblins
  5 rats
486 creatures vanquished.

Vanquished Creatures (others)
  An orc priest (Orc:2)
  3 orcs
  29 fungi
  33 plants
  A withered plant (D:4)
67 creatures vanquished.

Grand Total: 553 creatures vanquished

Notes
Turn   | Place    | Note
-------+----------+-------------------------------------------
     0 | D:1      | Exodus22XD the Spriggan Enchanter began the quest for the
                  | Orb.
     0 | D:1      | Reached XP level 1. HP: 9/9 MP: 5/5
   236 | D:1      | Reached skill level 5 in Stealth
   268 | D:1      | Reached XP level 2. HP: 7/13 MP: 6/6
   427 | D:1      | Reached skill level 6 in Stealth
  1109 | D:1      | Found a faded altar of an unknown god.
  1310 | D:1      | Prayed at the altar of an unknown god.
  1310 | D:1      | Became a worshipper of Dithmenos the Shadowed
  1310 | D:1      | Reached * piety under Dithmenos
  1373 | D:2      | Reached XP level 3. HP: 10/16 MP: 8/8
  1986 | D:2      | Reached skill level 7 in Stealth
  2082 | D:2      | Found a shimmering altar of Xom.
  2846 | D:3      | Found a radiant altar of Vehumet.
  2872 | D:3      | Noticed Terence
  3145 | D:3      | Reached ** piety under Dithmenos
  3199 | D:3      | Reached skill level 8 in Stealth
  3199 | D:3      | Reached XP level 4. HP: 21/21 MP: 9/9
  3384 | D:4      | HP: 1/21 [poisoned by an adder]
  3662 | D:4      | Found a transporter.
  3797 | D:4      | Learned a level 2 spell: Ensorcelled Hibernation
  3819 | D:4      | Found a basalt altar of Yredelemnul.
  3819 | D:4      | Found a blossoming altar of Fedhas.
  3955 | D:4      | Noticed a scorpion
  3961 | D:4      | Killed a scorpion
  3962 | D:4      | Reached skill level 9 in Stealth
  3962 | D:4      | Reached XP level 5. HP: 24/24 MP: 7/10
  4004 | D:4      | Reached skill level 10 in Stealth
  4054 | D:4      | Found a glowing silver altar of Zin.
  4076 | D:4      | Found a shadowy altar of Dithmenos.
  4095 | D:4      | Reached XP level 6. HP: 28/28 MP: 6/11
  4158 | D:4      | Found a stormy altar of Qazlal.
  4158 | D:4      | Found a white marble altar of Elyvilon.
  4161 | D:4      | Found a broken altar of Ashenzari.
  4199 | D:4      | Found a transporter.
  4556 | D:4      | Learned a level 3 spell: Confusing Touch
  4628 | D:4      | Noticed Robin
  5020 | D:4      | Killed Robin
  5094 | D:5      | Entered Level 5 of the Dungeon
  5096 | D:5      | Reached XP level 7. HP: 32/32 MP: 12/12
  5325 | D:5      | Found a staircase to the Ecumenical Temple.
  5387 | D:5      | Noticed Blork the orc
  5407 | D:5      | Killed Blork the orc
  5451 | D:5      | Found a runed translucent door.
  5463 | D:5      | Reached skill level 5 in Short Blades
  5486 | D:5      | Noticed kalagan's ghost (amateur DjCj)
  5527 | D:5      | Noticed Ijyb
  5534 | D:5      | Killed Ijyb
  5572 | D:5      | Found a snail-covered altar of Cheibriados.
  5666 | D:5      | Reached skill level 5 in Dodging
  5838 | D:5      | Found a shimmering altar of Xom.
  5940 | D:5      | Reached XP level 8. HP: 36/36 MP: 13/13
  6526 | D:5      | Found a runed translucent door.
  6723 | D:6      | Reached *** piety under Dithmenos
  7987 | D:7      | Reached XP level 9. HP: 39/39 MP: 14/14
  8265 | D:7      | Reached skill level 5 in Hexes
  8280 | D:7      | Noticed Duvessa
  8280 | D:7      | Noticed Dowan
  8304 | D:7      | Killed Duvessa
  8311 | D:7      | Killed Dowan
  8603 | D:7      | Noticed a troll
  8866 | D:7      | Killed a troll
  8866 | D:7      | Reached **** piety under Dithmenos
  8887 | D:7      | Noticed a two-headed ogre
  8895 | D:7      | Killed a two-headed ogre
  8896 | D:7      | Reached skill level 10 in Hexes
  8968 | D:7      | Noticed a red ugly thing
  9053 | D:7      | Killed a red ugly thing
  9054 | D:7      | Reached XP level 10. HP: 44/44 MP: 3/15
  9331 | D:8      | Noticed a two-headed ogre
  9364 | D:8      | Killed a two-headed ogre
  9437 | D:8      | Noticed a two-headed ogre
  9447 | D:8      | Killed a two-headed ogre
  9448 | D:8      | Reached skill level 10 in Short Blades
  9500 | D:8      | Noticed Harold
  9509 | D:8      | Killed Harold
  9510 | D:8      | Reached skill level 10 in Dodging
  9608 | D:8      | Noticed a cyan ugly thing
  9715 | D:8      | Killed a cyan ugly thing
  9780 | D:8      | Noticed a gargoyle
  9787 | D:8      | Killed a gargoyle
  9805 | D:8      | Noticed a catoblepas
  9809 | D:8      | Killed a catoblepas
  9810 | D:8      | Reached XP level 11. HP: 47/47 MP: 16/16
  9946 | D:8      | Found an iron altar of Okawaru.
 10050 | D:9      | Reached skill level 11 in Stealth
 10235 | D:9      | Noticed a two-headed ogre
 10365 | D:9      | Killed a two-headed ogre
 10661 | D:9      | Noticed a death yak
 10697 | D:9      | Reached ***** piety under Dithmenos
 10705 | D:9      | Reached skill level 12 in Stealth
 10710 | D:9      | Killed a death yak
 10884 | D:9      | Reached skill level 13 in Stealth
 11253 | D:10     | Entered Level 10 of the Dungeon
 11274 | D:10     | Found a staircase to the Lair.
 11386 | D:10     | Identified the +9 short sword "Muny" {protect, rF+ SInv}
 11710 | D:10     | Found an ornate altar of the Wu Jian Council.
 11931 | D:10     | Reached skill level 14 in Stealth
 12024 | D:10     | Found a staircase to the Orcish Mines.
 12190 | Lair:1   | Entered Level 1 of the Lair of Beasts
 12420 | Lair:1   | Reached skill level 15 in Stealth
 12420 | Lair:1   | Reached XP level 12. HP: 51/51 MP: 17/17
 12505 | Lair:1   | Noticed Nergalle
 12530 | Lair:1   | Killed Nergalle
 12850 | Lair:1   | Reached skill level 1 in Invocations
 13339 | Lair:2   | Found a hole to the Spider Nest.
 13448 | Lair:2   | Noticed a catoblepas
 13570 | Lair:2   | Killed a catoblepas
 13571 | Lair:2   | Reached skill level 5 in Invocations
 13960 | Lair:3   | Reached ****** piety under Dithmenos
 14194 | Lair:3   | Found a staircase to the Shoals.
 14322 | Lair:3   | Noticed Rupert
 14329 | Lair:3   | Killed Rupert
 14454 | Lair:3   | Noticed Snorg
 14461 | Lair:3   | Killed Snorg
 14716 | Lair:4   | Reached skill level 10 in Invocations
 14818 | Lair:4   | Reached XP level 13. HP: 55/55 MP: 21/21
 14987 | Lair:4   | Noticed Urug
 14994 | Lair:4   | Killed Urug
 15431 | Lair:5   | You fall into a shaft and drop 1 floor!
 15431 | Lair:6   | Entered Level 6 of the Lair of Beasts
 15505 | Lair:5   | Reached skill level 5 in Spellcasting
 15595 | Lair:5   | Found a runed translucent door.
 15597 | Lair:5   | Found a viscous altar of Jiyva.
 15599 | Lair:5   | Found a staircase to the Slime Pits.
 16467 | Lair:6   | Found a large runed translucent door.
 16467 | Lair:6   | Noticed a fire dragon
 16468 | Lair:6   | Found a large runed translucent door.
 16783 | Lair:6   | Reached skill level 16 in Stealth
 16961 | Lair:6   | Reached skill level 17 in Stealth
 17129 | Lair:6   | Reached skill level 18 in Stealth
 17617 | Lair:6   | Reached XP level 14. HP: 36/59 MP: 15/24
 18112 | Lair:3   | Reached skill level 19 in Stealth
 18474 | Orc:1    | Entered Level 1 of the Orcish Mines
 18474 | Orc:1    | Found Imimeovo's Jewellery Shoppe.
 18979 | Orc:1    | Found a bloodstained altar of Trog.
 19123 | Orc:2    | Entered Level 2 of the Orcish Mines
 19123 | Orc:2    | Found a staircase to the Elven Halls.
 19494 | Orc:2    | Found Yminix's Antique Weapon Shoppe.
 19498 | Orc:2    | Found a runed translucent door.
 19518 | Orc:2    | Reached skill level 20 in Stealth
 19621 | Orc:2    | Killed from afar by a deep elf zephyrmancer

Illustrated notes

Levels and vault maps discovered:
D:1:      sevenhm_arrival_forest_fort_large_2, layout_loops_ring,
          dilly_ecumenical_altar_fadedgnrine, minmay_tromino_v7
D:2:      layout_loops_ring, basic_altar, minmay_misc_feat_doors,
          columned_hall_lemuel
D:3:      layout_basic, nicolae_vehumet_altar_sigil, uniq_terence
D:4:      gammafunk_cloud_chamber, layout_loops_corners,
          yredelemnul_altar_generic, grunt_temple_overflow_open, fedhas_altar_2,
          st_stairs_6, minmay_ruined_shrine, uniq_robin
D:5:      layout_basic, nicolae_overflow_crystal_walls, cheibrodos_worm_habitat,
          minmay_temple_entry_slanted, ebering_ghost_sewer_f,
          grunt_ministairs_4, uniq_blork_the_orc, uniq_ijyb
D:6:      lemuel_castle_with_subvaults [lemuel_castle_interior_carwin_2],
          layout_loops_corners
D:7:      layout_basic, kb_rosetta, uniq_duvessa
D:8:      minmay_diamond_stairs, layout_basic, mainiacjoe_overflow_alcove_2,
          uniq_harold
D:9:      argonaut_augean_stables, layout_grid_maze, tgw_sif,
          chequers_serial_rivers_room_a
D:10:     layout_irregular_city, nicolae_overflow_hidden_temple,
          david_lair_generic, hiddenorc1_lemuel, chequers_serial_rivers_micro_b
Lair:1:   layout_long_grid, grunt_megastairs_3, lemuel_fruit_tree,
          serial_bayou_shore_b, uniq_nergalle
Lair:2:   layout_concentric_octagons, spider_nest_entry_web_field,
          serial_bayou_pond_d
Lair:3:   dpeg_oklob_gauntlet, layout_regular_city,
          minmay_shoals_entry_centaurs, serial_bayou_shore_a, uniq_rupert,
          uniq_snorg
Lair:4:   layout_misc_corridors, nicolae_quartered_pool_little,
          serial_bayou_shore_b, lemuel_fruit_fields, grunt_megastairs_2,
          uniq_urug
Lair:5:   minmay_lair_oklob_tunnel, layout_long_grid, slime_altar_2,
          serial_rivers, chequers_serial_rivers_small_b,
          chequers_serial_rivers_marsh, chequers_serial_rivers_room_a,
          chequers_serial_rivers_small_a, chequers_serial_rivers_micro_d,
          minivault_23, minivault_19
Lair:6:   cheibrodos_lair_end_hotspot, layout_regular_city, nzn_sisyphean_effort
Orc:1:    layout_caves, serial_shops, shop, basic_altar, guppyfry_library_mini
Orc:2:    grunt_orc_tribal_feast, layout_caves, hellmonk_ghost_happy_afterlife,
          serial_shops, shop, elves_outpost_lemuel

Skill      XL: |  1  2  3  4  5  6  7  8  9 10 11 12 13 14 |
---------------+-------------------------------------------+-----
Stealth        | 5 6 8 9 10 15 18 20 | 20.1
Short Blades   | 4 6 8 9 11 12 | 12.9
Dodging        | 3 5 8 11 13 | 13.1
Hexes          | 10 12 | 12.8
Invocations    | 10 | 10.1
Spellcasting   | 3 6 |  6.3

Action                   |  1- 3 |  4- 6 |  7- 9 | 10-12 | 13-15 || total
-------------------------+-------+-------+-------+-------+-------++-------
Melee: Dagger            |   140 |   159 |   592 |   682 |   741 ||  2314
       Punch             |     4 |     2 |    17 |     8 |    13 ||    44
       Short sword       |       |       |    29 |    42 |    54 ||   125
 Cast: Ensorcelled Hiber |       |    10 |    45 |    42 |    26 ||   123
       Confusing Touch   |       |       |     2 |     5 |    13 ||    20
Evoke: Wand              |       |       |       |     3 |       ||     3
  Use: Scroll            |       |     1 |       |     7 |     1 ||     9
       Potion            |       |     1 |       |       |       ||     1
 Stab: Sleeping          |    19 |    19 |    37 |    82 |    43 ||   200
       Distracted        |     3 |       |     1 |     1 |     5 ||    10
       Confused          |       |       |     3 |     5 |    11 ||    19
       Held in net/web   |       |       |       |     1 |       ||     1
Armor: Robe              |     6 |     9 |    63 |       |       ||    78
       Troll leather arm |       |       |       |    38 |    70 ||   108
Dodge: Dodged            |    96 |   133 |   412 |   448 |   588 ||  1677
